Map: Automaton LE

Players

Subwaymaker - Winner!

  • Race: Protoss Protoss
  • League: Gold
  • Spawn Location: 3:00

Mesrob

  • Race: Terran Terran
  • League: Platinum
  • Spawn Location: 9:00

VOD

Have the link to the VOD?

Description

Time

  • Played on: March 17, 2019, 9:32 p.m.
  • Length: 5:50
Show
View Real Time Build Order
Export as new Build Order

Subwaymaker Protoss - Winner!

Build Orders:  

Get SALT Encoding   

  12  0:02  Probe  
  13  0:14  Probe  
  13  0:20  Pylon  
  14  0:30  Probe  
  15  0:43  Probe  
  15  0:46  Gateway  
  16  0:51  Probe  
  16  0:52  Pylon  
  17  1:00  Probe  
  18  1:07  Pylon  
  18  1:12  Assimilator  
  18  1:24  Gateway  
  18  1:33  Cybernetics Core  
  18  1:38  Zealot  
  20  1:46  Probe  
  21  1:54  Gateway  
  21  2:06  Gateway  
  21  2:17  Zealot  
  23  2:24  Warp Gate  
  23  2:34  Zealot  
  24  2:46  Twilight Council  
  24  2:50  Zealot  
  26  2:53  Pylon  
  26  2:57  Charge, Zealot  
  28  3:01  Zealot  
  30  3:13  Pylon  
  30  3:27  Zealot  
  30  3:30  Zealot  
  34  4:12  Zealot x2  
  34  4:13  Zealot x2  
  42  4:29  Zealot  
  44  4:32  Zealot x2  
  44  4:33  Zealot  
  50  4:44  Zealot  
  52  4:52  Zealot  
  52  5:11  Zealot  
Show
View Real Time Build Order
Export as new Build Order

Mesrob Terran 

Build Orders:  

Get SALT Encoding   

  12  0:00  SCV  
  13  0:13  SCV  
  14  0:18  Supply Depot  
  14  0:25  SCV  
  15  0:40  SCV  
  15  0:41  Barracks  
  16  0:52  SCV  
  16  0:55  Refinery  
  17  1:09  SCV  
  18  1:21  SCV  
  19  1:33  Orbital Command  
  19  1:43  Marine  
  19  1:44  Command Center  
  20  1:53  Engineering Bay  
  20  2:01  Marine  
  21  2:09  Factory  
  21  2:14  SCV  
  22  2:26  SCV  
  23  2:32  Barracks Tech Lab  
  23  2:45  Refinery  
  23  2:59  Supply Depot  
  23  3:02  Barracks Reactor  
  23  3:04  Barracks  
  23  3:06  Orbital Command  
  23  3:10  Refinery  
  23  3:14  SCV  
  24  3:20  Siege Tank  
  24  3:26  SCV  
  28  3:35  Terran Infantry Weapons Level 1  
  28  3:38  SCV  
  29  3:44  SCV  
  30  3:50  SCV  
  30  3:54  Siege Tank  
  34  3:56  Supply Depot  
  34  3:58  Barracks Tech Lab  
  34  3:59  Marine x2  
  34  4:02  SCV  
  37  4:11  SCV  
  37  4:12  Refinery  
  37  4:14  SCV  
  39  4:23  Marine, SCV  
  39  4:24  Marine  
  42  4:25  Marine  
  42  4:26  SCV  
  44  4:34  Siege Tank  
  44  4:35  SCV  
  48  4:38  SCV  
  48  4:39  Supply Depot  
  48  4:45  Marine  
  50  4:47  SCV  
  50  4:51  SCV  
  52  4:55  Supply Depot  
  52  4:59  SCV  
  53  5:03  SCV  
  48  5:11  SCV  
  38  5:15  SCV  
  38  5:17  Armory  
  37  5:23  SCV  
Tags
 
Matchup
PvT
Replay Pack
sc2 replays
Spawn Locations
Cross Positions
Add a new tag
Caveats
  • Supply blocks, unpowered buildings, or Contaminate may cause inaccurate times.
  • Supply counts are checked every 10 seconds.